[Event "Team 45 45 League T55"]
[Site "Internet Chess Club"]
[Date "2012.11.17"]
[Round "1"]
[White "FlyingTiger"]
[Black "Helaman"]
[Result "0-1"]
[WhiteElo "1693"]
[BlackElo "1757"]
[Opening "Scotch gambit: Dubois-Réti defense"]
[ECO "C55"]
[Time "20:01:31"]
[TimeControl "2700+45"]

1. e4 e5 2. Nf3 Nc6 3. d4 exd4 4. Bc4 Nf6 5. e5 d5 6. Bb5 Ne4 7. Nxd4 Bd7 8.
Bxc6 bxc6 9. O-O Bc5 10. f3 Ng5 11. f4 Ne4 12. Be3 Bb6 13. Nc3 Nxc3 14. bxc3 O-O
15. Qf3 c5 16. Nb3 c4 17. Nd4 c6 18. f5 c5 19. Ne2 Qc7 20. Qg3 Rfe8 21. f6 g6
22. Bf4 Re6 23. Qg5 Qd8 24. Rad1 Qf8 25. Rf3 Ba4 26. Rh3 Bc7 27. Rxh7 Kxh7 28.
Qh4+ Kg8 29. Bh6 Rxe5 30. Bxf8 Rh5 31. Qg4 Bxh2+ 32. Kf1 Rxf8 33. g3 Bxc2 34.
Rd2 Bd3 35. Kf2 Re8 36. Nf4 Bf5 37. Qd1 Rg5 38. Ne2 Bd3 39. Rxd3 cxd3 40. Qxd3
Rge5 41. Nf4 Re3 42. Qxe3 Rxe3 43. Kxe3 Bxg3 44. Nxd5 Kf8 45. Ke4 Ke8 46. Ne3
Kd7 47. Kd5 Be1 48. c4 Bc3 49. Ng4 g5 50. Kxc5 Ke6 51. Kc6 Kf5 52. Ne3+ Ke4 53.
Nd5 Be5 54. Kd7 g4 55. c5 Kxd5 {White resigns} 0-1

[Event "Team 45 45 League T55"]
[Site "Internet Chess Club"]
[Date "2012.11.17"]
[Round "1"]
[White "badmove"]
[Black "krysto"]
[Result "1/2-1/2"]
[WhiteElo "1757"]
[BlackElo "1595"]
[Opening "QGD: Tartakower (Makagonov-Bondarevsky) system"]
[ECO "D58"]
[Time "16:47:00"]
[TimeControl "2700+45"]

1. d4 Nf6 2. c4 e6 3. Nc3 d5 4. Nf3 Be7 5. Bg5 h6 6. Bh4 O-O 7. e3 b6 8. Bd3
Nbd7 9. O-O Bb7 10. Qe2 Re8 11. Bg3 c5 12. cxd5 Nxd5 13. Rac1 Rc8 14. Ba6 Nxc3
15. bxc3 Bxa6 16. Qxa6 Ra8 17. Rfd1 Qc8 18. Qa4 Nf6 19. Bf4 a6 20. c4 cxd4 21.
exd4 Qb7 22. Qb3 Qa7 23. Ne5 Rec8 24. a4 a5 25. Qf3 Bb4 26. Nc6 Qb7 27. d5 Bc5
28. Be5 exd5 29. cxd5 Nxd5 30. Qxd5 Qxc6 31. Qb3 Qe4 32. Qg3 Qg6 33. Qf3 Qg5 34.
Bf4 Qf6 35. h3 Re8 36. Rd7 g5 37. Bd6 Qxf3 38. gxf3 Bxd6 39. Rxd6 Re6 40. Rxe6
fxe6 41. Rc6 Kf7 42. Rxb6 Kf6 43. Kg2 h5 44. Kg3 h4+ 45. Kg2 Kf5 {Game drawn by
mutual agreement} 1/2-1/2

[Event "Team 45 45 League T55"]
[Site "Internet Chess Club"]
[Date "2012.11.19"]
[Round "1"]
[White "burnsy"]
[Black "ILRE"]
[Result "0-1"]
[WhiteElo "1470"]
[BlackElo "1521"]
[Opening "English: Carls' Bremen system"]
[ECO "A22"]
[Time "19:01:27"]
[TimeControl "2700+45"]

1. c4 e5 2. Nc3 Nf6 3. g3 Bc5 4. Bg2 a6 5. d3 Nc6 6. Nf3 h6 7. O-O O-O 8. a3 d6
9. b4 Ba7 10. Nd2 Be6 11. Nde4 Nxe4 12. Nxe4 Ne7 13. Bb2 c6 14. Kh1 Bb8 15. f4
Qd7 16. fxe5 Nf5 17. Bc1 Ba7 18. exd6 Nxd6 19. c5 Nxe4 20. Bxe4 Bh3 21. Rf4 Rfe8
22. Qb3 Be6 23. Qc3 Bb8 24. Rh4 Bd5 25. Bxh6 gxh6 26. Rxh6 Bxe4+ 27. dxe4 Be5
28. Qc1 Qg4 29. Rh4 Qg6 30. Ra2 Bg7 31. Qf4 Re5 32. e3 Rae8 33. Rg4 Qxe4+ 34.
Qxe4 Rxe4 35. Rg5 Rxe3 36. Kg1 Kf8 37. h4 Bd4 38. Kh2 R8e6 39. Rd2 Re2+ 40. Rxe2
Rxe2+ 41. Kh3 Re6 42. a4 Rg6 43. Rf5 Bc3 44. Rf4 Be5 45. Rf3 Rf6 46. Re3 Re6 47.
Rb3 Bf6 48. g4 Bd4 49. Kg2 Re4 50. Rg3 Re2+ 51. Kf1 Rb2 52. h5 Rxb4 53. g5 Rxa4
54. h6 Ra1+ 55. Ke2 Kg8 56. Rf3 Ra2+ 57. Kd1 Rf2 58. Rd3 Bxc5 59. Rd8+ Kh7 60.
Rd7 a5 61. Rxb7 a4 62. Rb8 a3 63. Ra8 a2 64. Ke1 Bd4 {White resigns} 0-1

[Event "Team 45 45 League T55"]
[Site "Internet Chess Club"]
[Date "2012.11.17"]
[Round "1"]
[White "PaulRichard"]
[Black "Berke"]
[Result "1/2-1/2"]
[WhiteElo "1502"]
[BlackElo "1615"]
[Opening "French: Rubinstein variation"]
[ECO "C10"]
[Time "14:00:39"]
[TimeControl "2700+45"]

1. e4 e6 2. d4 d5 3. Nc3 dxe4 4. Nxe4 Nd7 5. Nf3 Ngf6 6. Nxf6+ Nxf6 7. c3 c5 8.
Ne5 a6 9. Bg5 h6 10. Be3 cxd4 11. Bxd4 Be7 12. Bd3 Qc7 13. Qe2 Bd7 14. Nxd7 Qxd7
15. O-O O-O 16. Rfd1 Qc7 17. Be5 Qb6 18. Bxf6 Bxf6 19. Qe4 g6 20. Rd2 Rfd8 21.
Qe2 Rd6 22. Bc4 Rad8 23. Rad1 Rxd2 24. Rxd2 Rxd2 25. Qxd2 Kg7 {Game drawn by
mutual agreement} 1/2-1/2

[Event "Team 45 45 League T55"]
[Site "Internet Chess Club"]
[Date "2012.11.18"]
[Round "1"]
[White "Matusalen"]
[Black "BigH"]
[Result "1-0"]
[WhiteElo "2170"]
[BlackElo "2025"]
[Opening "English: symmetrical, three knights system"]
[ECO "A30"]
[Time "08:12:02"]
[TimeControl "2700+45"]

1. Nf3 Nf6 2. c4 c5 3. Nc3 d5 4. cxd5 Nxd5 5. d4 Nc6 6. e4 Nxc3 7. bxc3 cxd4 8.
cxd4 e6 9. Bc4 Bb4+ 10. Bd2 Bxd2+ 11. Qxd2 Qa5 12. Rb1 O-O 13. Bb5 Qxd2+ 14.
Kxd2 Na5 15. Rhc1 b6 16. Ke3 Bb7 17. Bd7 Bc8 18. Bb5 Bb7 19. Rc7 Rac8 20. Rbc1
Rxc7 21. Rxc7 Rc8 22. Rxc8+ Bxc8 23. d5 exd5 24. exd5 Nb7 25. Ne5 Nd6 26. Bd3
Kf8 27. Nc6 a6 28. Kf4 b5 29. Ke5 Nb7 30. h4 f6+ 31. Kd4 h6 32. Bg6 a5 33. a3 b4
34. axb4 axb4 35. Nxb4 Ke7 36. Nd3 Kd6 37. Nf4 Nc5 38. Nh5 Bb7 39. Nxg7 Nb3+ 40.
Ke3 Bxd5 41. g4 Na5 42. Nf5+ Kd7 43. Nxh6 Nc6 44. f4 Ne7 45. Be4 Be6 46. h5 Ke8
47. g5 fxg5 48. fxg5 Kf8 49. Kf4 Kg7 50. Bf3 Bf7 51. Nf5+ Nxf5 52. Kxf5 Be8 53.
g6 Kh6 54. Be2 Ba4 55. Kf6 Bb3 56. Bg4 Ba2 57. Be6 Bb1 58. Bf7 Bc2 59. g7 Bh7
60. Be8 Bg8 61. Bg6 Be6 62. Bf7 {Black resigns} 1-0

[Event "Team 45 45 League T55"]
[Site "Internet Chess Club"]
[Date "2012.11.20"]
[Round "1"]
[White "lacibacsi"]
[Black "przechrzczony"]
[Result "1/2-1/2"]
[WhiteElo "2068"]
[BlackElo "2048"]
[Opening "Caro-Kann: advance variation"]
[ECO "B12"]
[Time "13:01:39"]
[TimeControl "2700+45"]

1. e4 c6 2. d4 d5 3. e5 c5 4. c3 Nc6 5. Be2 Bf5 6. Nf3 e6 7. O-O c4 8. b3 b5 9.
a4 Na5 10. Nbd2 a6 11. Ba3 Bxa3 12. Rxa3 Ne7 13. Qa1 O-O 14. b4 Nac6 15. axb5
axb5 16. Qa2 Ng6 17. Ra1 Rxa3 18. Qxa3 Nf4 19. Bf1 Qc7 20. Ne1 f6 21. Ndf3 fxe5
22. dxe5 Nxe5 23. Qa6 Nxf3+ 24. Nxf3 Be4 25. Nd4 Qf7 26. f3 e5 27. Ne2 Nh3+ 28.
Kh1 Nf2+ 29. Kg1 Nh3+ 30. Kh1 Nf2+ 31. Kg1 Nh3+ 32. Kh1 {Game drawn by
repetition} 1/2-1/2

[Event "Team 45 45 League T55"]
[Site "Internet Chess Club"]
[Date "2012.11.18"]
[Round "1"]
[White "bobhill"]
[Black "Greedy-Reedy"]
[Result "0-1"]
[WhiteElo "1925"]
[BlackElo "1960"]
[Opening "King's Indian: Torre attack"]
[ECO "A48"]
[Time "14:07:26"]
[TimeControl "2700+45"]

1. d4 Nf6 2. Nf3 g6 3. Bg5 Bg7 4. Nbd2 O-O 5. e4 d5 6. e5 Ne4 7. c3 Nxg5 8. Nxg5
f6 9. Ngf3 fxe5 10. Nxe5 c5 11. Be2 cxd4 12. cxd4 Qb6 13. Ndf3 Qxb2 14. O-O Nc6
15. Nd3 Qa3 16. Nc5 Nxd4 17. Nxd4 Qxc5 18. Nb3 Qd6 19. Rc1 Bd7 20. Bf3 Bc6 21.
Re1 e5 22. Nc5 Rad8 23. Qb3 Rf7 24. Bg4 Re8 25. Red1 Qf6 26. Rc2 Bf8 27. Nd3 Qh4
28. Bh3 Ba4 29. Qxd5 Bxc2 30. Rd2 Rd8 31. Qxe5 Rxd3 32. Be6 Qxf2+ 33. Rxf2 Rd1+
{White resigns} 0-1

[Event "Team 45 45 League T55"]
[Site "Internet Chess Club"]
[Date "2012.11.17"]
[Round "1"]
[White "Dracoac"]
[Black "alexping"]
[Result "0-1"]
[WhiteElo "1806"]
[BlackElo "1916"]
[Opening "Réti opening"]
[ECO "A30"]
[Time "11:16:52"]
[TimeControl "2700+45"]

1. Nf3 c5 2. c4 Nc6 3. d4 cxd4 4. Nxd4 Nf6 5. Nc3 g6 6. e4 d6 7. Be2 Bg7 8. Be3
a6 9. O-O O-O 10. f3 Qb6 11. Na4 Qc7 12. Nb3 Nd7 13. Qd2 Rb8 14. Nc3 Nf6 15.
Rac1 e6 16. Rfd1 Rd8 17. Qe1 Ne5 18. Na4 b6 19. Qf2 Ned7 20. Nd2 Nc5 21. Nc3 Bd7
22. b4 Na4 23. Ndb1 Nxc3 24. Nxc3 Ne8 25. c5 dxc5 26. bxc5 b5 27. Nb1 Bc6 28.
Nd2 a5 29. Nb3 Rxd1+ 30. Rxd1 a4 31. Nd4 Rd8 32. Nxc6 Rxd1+ 33. Bxd1 Qxc6 34.
Bd4 e5 35. Be3 Bf8 36. Qc2 Nc7 37. Qc3 f6 38. Be2 Na6 39. Kf1 Nxc5 40. Bxc5 Bxc5
41. Qa5 b4 42. Bb5 Qd6 43. Qxa4 Qd4 44. Qc2 Qg1+ 45. Ke2 Qxg2+ 46. Kd1 Qg1+ 47.
Kd2 Qxh2+ 48. Kd3 Qg1 49. Qe2 Qd4+ 50. Kc2 Qc3+ 51. Kb1 Kg7 52. Qd1 Bd4 53. Qe2
Qa1+ 54. Kc2 Qxa2+ 55. Kd1 Qa1+ 56. Kd2 Qc3+ 57. Kd1 b3 58. Qc4 Qxf3+ 59. Kc1
b2+ 60. Kc2 Qxe4+ 61. Qd3 Qh1 62. Qd1 Qxd1+ 63. Kxd1 b1=Q+ 64. Ke2 Qxb5+ 65. Kf3
Qd5+ 66. Ke2 Qb3 67. Kf1 Qc2 68. Ke1 Be3 69. Kf1 Qf2# {White checkmated} 0-1

[Event "Team 45 45 League T55"]
[Site "Internet Chess Club"]
[Date "2012.11.17"]
[Round "1"]
[White "MemphisChess"]
[Black "Ptzz"]
[Result "1-0"]
[WhiteElo "2015"]
[BlackElo "2110"]
[Opening "Caro-Kann: Gurgenidze system"]
[ECO "B15"]
[Time "13:01:37"]
[TimeControl "2700+45"]

1. e4 c6 2. d4 d5 3. Nc3 g6 4. h3 Bg7 5. Nf3 dxe4 6. Nxe4 Nf6 7. Nxf6+ Bxf6 8.
Bc4 O-O 9. O-O Nd7 10. Bh6 Bg7 11. Bxg7 Kxg7 12. Re1 Nf6 13. Qe2 e6 14. Qe5 b5
15. Bb3 Kg8 16. Qf4 Kg7 17. Ne5 Bb7 18. g4 Rc8 19. Nd3 c5 20. Nxc5 Rxc5 21. dxc5
Qc8 22. Qd6 Qa8 23. Rad1 Bh1 24. Qh2 Bf3 25. Rd3 Rd8 26. Rxd8 Qxd8 27. Qd6 Qa8
28. Bxe6 Bh1 29. Qh2 Bf3 30. Qc7 Bh1 31. c6 Qxc6 32. Qxc6 Bxc6 33. Bb3 Kf8 34.
c4 bxc4 35. Bxc4 Ne4 36. Bf1 Ng5 37. Bg2 Bb5 38. Re5 {Black resigns} 1-0

[Event "Team 45 45 League T55"]
[Site "Internet Chess Club"]
[Date "2012.11.16"]
[Round "1"]
[White "Jack-ONeill"]
[Black "Chess-Dream"]
[Result "0-1"]
[WhiteElo "2010"]
[BlackElo "2155"]
[Opening "Queen's pawn, Mason variation"]
[ECO "D00"]
[Time "14:10:00"]
[TimeControl "2700+45"]

1. d4 d5 2. Bf4 Nf6 3. e3 c5 4. c3 Nc6 5. Nd2 cxd4 6. exd4 Bf5 7. Qb3 Qc8 8.
Ngf3 e6 9. Nh4 Bg6 10. Nxg6 hxg6 11. Bd3 Be7 12. h3 Bd8 13. O-O Bc7 14. Bg5 O-O
15. Rfe1 Bd6 16. Nf3 Qc7 17. Rac1 a6 18. a4 Na5 19. Qd1 Nc4 20. Bxc4 Qxc4 21. b3
Qc7 22. c4 dxc4 23. bxc4 Rfd8 24. Qb3 Rab8 25. Ne5 Re8 26. Nd3 Qd7 27. Rcd1 Rec8
28. c5 Bc7 29. Bxf6 gxf6 30. Nb2 Rd8 31. Nc4 Qd5 32. Qc2 b6 33. Ne3 Qc6 34. Ng4
Kg7 35. Qd2 Rh8 36. cxb6 Rxb6 37. d5 exd5 38. Rc1 Qd6 39. Qd4 Rd8 40. Qxf6+ Qxf6
41. Nxf6 Bf4 {White resigns} 0-1

[Event "Team 45 45 League T55"]
[Site "Internet Chess Club"]
[Date "2012.11.16"]
[Round "1"]
[White "kubiyak"]
[Black "PandorasBox"]
[Result "1-0"]
[WhiteElo "1721"]
[BlackElo "1886"]
[Opening "English opening"]
[ECO "A10"]
[Time "19:16:22"]
[TimeControl "2700+45"]

1. c4 b6 2. Nf3 Bb7 3. e3 c5 4. Nc3 Nf6 5. d4 cxd4 6. exd4 d6 7. Be2 Nbd7 8. O-O
g6 9. h3 Bg7 10. Be3 O-O 11. Qd2 Rc8 12. b3 a6 13. Bh6 e6 14. Rac1 Re8 15. Bxg7
Kxg7 16. Rfd1 h6 17. Qb2 Kg8 18. Qa3 Qe7 19. Re1 Nh5 20. g3 Ndf6 21. Nd2 Ng7 22.
Bf3 Nf5 23. d5 e5 24. Nce4 Red8 25. Bg2 Nd4 26. Qb2 Nxe4 27. Nxe4 f5 28. Nd2 Qg7
29. Nf3 Nxf3+ 30. Bxf3 Re8 31. Qa3 Qf6 32. Qb4 Qd8 33. Qd2 Kh7 34. Bg2 Qf6 35.
Qe3 Qd8 36. Red1 e4 37. Qd4 Re5 38. b4 b5 39. Qa7 Qe7 40. cxb5 Ra8 41. Qb6 Rc8
42. Rxc8 Bxc8 43. bxa6 Qd7 44. Rc1 Re7 45. b5 g5 46. Qc6 e3 47. fxe3 Qa7 48.
Qxc8 Qxe3+ 49. Kh2 f4 50. Qf5+ Kg7 51. Rf1 Qxg3+ 52. Kh1 Re2 53. Qg4 Qe3 54.
Qd7+ Kh8 55. a7 Rxg2 56. a8=Q+ {Black resigns} 1-0

[Event "Team 45 45 League T55"]
[Site "Internet Chess Club"]
[Date "2012.11.18"]
[Round "1"]
[White "PaulaR"]
[Black "chesskix"]
[Result "1-0"]
[WhiteElo "1521"]
[BlackElo "1460"]
[Opening "Scandinavian (center counter) defense"]
[ECO "B01"]
[Time "14:00:26"]
[TimeControl "2700+45"]

1. e4 d5 2. exd5 e6 3. dxe6 Bxe6 4. d4 Qe7 5. Nf3 Nd7 6. Bd3 Ngf6 7. O-O Qd6 8.
Nc3 a6 9. Re1 Be7 10. g3 Bg4 11. Bf4 Qc6 12. d5 Nxd5 13. Be4 N7f6 14. Bxd5 Nxd5
15. Qxd5 Bxf3 16. Qxc6+ Bxc6 17. Bxc7 Rc8 18. Bd6 Kd7 19. Bxe7 Rce8 20. Rad1+
Kc8 21. Nd5 b5 22. Nf4 h5 23. Bb4 Bf3 24. Rxe8+ Rxe8 25. Re1 Rg8 26. Re7 g5 27.
Nd3 f5 28. Re5 f4 29. Be7 fxg3 30. hxg3 h4 31. Rc5+ Kb7 32. Bxg5 h3 33. Kh2 Rh8
34. Bh4 Bg4 35. Ne5 Be6 36. Ng6 Re8 37. Re5 Kc6 38. Nf4 Kd7 39. Nxh3 Bxa2 40.
Rxe8 Kxe8 41. f4 Bb1 42. c3 a5 43. g4 a4 44. f5 Kf8 45. Ng5 Kg8 46. f6 Bg6 47.
f7+ Bxf7 48. Nxf7 Kxf7 49. Kg3 Kg7 50. Kf4 Kf7 51. Kf5 Kg7 52. Bf6+ Kf7 53. g5
Kg8 54. Kg6 Kf8 55. Kh7 Kf7 56. g6+ Kxf6 57. g7 {Black resigns} 1-0

[Event "Team 45 45 League T55"]
[Site "Internet Chess Club"]
[Date "2012.11.19"]
[Round "1"]
[White "palm47"]
[Black "Bryant-L"]
[Result "1-0"]
[WhiteElo "1480"]
[BlackElo "1390"]
[Opening "Réti opening"]
[ECO "A09"]
[Time "18:00:30"]
[TimeControl "2700+45"]

1. Nf3 d5 2. c4 Nf6 3. cxd5 Nxd5 4. d4 Bf5 5. Nbd2 Nf6 6. Qb3 b6 7. e3 e6 8.
Bb5+ c6 9. Bd3 Bg6 10. O-O Bd6 11. e4 Be7 12. e5 Nd5 13. Bxg6 hxg6 14. Ne4 Qc7
15. Be3 Nd7 16. Nfg5 Rh5 17. Bd2 Nxe5 18. dxe5 Qxe5 19. Qg3 Qxb2 20. Rfb1 Qd4
21. Nxe6 fxe6 22. Qxg6+ Kd7 23. Qxh5 Qxe4 24. Re1 Qd3 25. Rad1 Rf8 26. Qe5 Qf5
27. f4 g5 28. Qxf5 Rxf5 29. g4 Rf8 30. fxg5 Bc5+ 31. Kg2 Ke7 32. a4 Nf4+ 33.
Bxf4 Rxf4 34. h3 Rxa4 35. Re2 Bd4 36. h4 Bg7 37. Kf3 Ra3+ 38. Re3 Rxe3+ 39. Kxe3
a5 40. h5 a4 41. h6 Bb2 42. g6 a3 43. Rf1 a2 44. g7 a1=Q 45. Rxa1 Bxa1 46. g8=Q
{Black resigns} 1-0

[Event "Team 45 45 League T55"]
[Site "Internet Chess Club"]
[Date "2012.11.18"]
[Round "1"]
[White "akshayk06"]
[Black "Patzer4Life"]
[Result "1/2-1/2"]
[WhiteElo "1435"]
[BlackElo "1273"]
[Opening "QGD: semi-Slav"]
[ECO "D31"]
[Time "20:30:13"]
[TimeControl "2700+45"]

1. d4 e6 2. c4 d5 3. Nc3 c6 4. e3 Bd6 5. Nf3 Nf6 6. Bd3 O-O 7. O-O Qc7 8. Re1
Ng4 9. g3 f5 10. Bd2 Rf6 11. h3 Bxg3 12. hxg4 fxg4 13. Ne5 Bxf2+ 14. Kg2 Bxe1
15. Qxe1 Nd7 16. Qh4 Rh6 17. Qxg4 Nxe5 18. dxe5 Qxe5 19. Rh1 Rxh1 20. Kxh1 Qf6
21. Be1 e5 22. Qh5 e4 23. Be2 Be6 24. cxd5 cxd5 25. Nxd5 Bxd5 26. Qxd5+ Qf7 27.
Qxe4 Re8 28. Qg4 Qf6 29. Qc4+ Kh8 30. Bh5 Rf8 31. Be2 Qh6+ 32. Kg2 Qxe3 33. Qd3
Qxd3 34. Bxd3 Rd8 35. Bc4 Rd4 36. b3 Rxc4 37. bxc4 Kg8 38. a4 Kf7 39. a5 a6 40.
Bc3 g5 41. Kg3 h5 42. Bd2 Kg6 43. Be3 Kf5 44. Kh3 Kg6 45. Kg3 Kf5 {Game drawn by
mutual agreement} 1/2-1/2

[Event "Team 45 45 League T55"]
[Site "Internet Chess Club"]
[Date "2012.11.20"]
[Round "1"]
[White "kingsrook"]
[Black "IanT"]
[Result "1-0"]
[WhiteElo "1344"]
[BlackElo "1493"]
[Opening "Queen's pawn: Torre attack"]
[ECO "A46"]
[Time "08:32:05"]
[TimeControl "2700+45"]

1. d4 Nf6 2. Nf3 e6 3. Bg5 Be7 4. e3 d5 5. Bd3 O-O 6. Nbd2 Nbd7 7. O-O c5 8. c3
b6 9. Re1 Bb7 10. e4 cxd4 11. cxd4 Rc8 12. e5 Ne8 13. Bxe7 Qxe7 14. Rc1 Rxc1 15.
Qxc1 f6 16. Qc2 h6 17. Bh7+ Kh8 18. Nh4 Qd8 19. Ng6+ Kxh7 20. Nxf8+ Kg8 21. Nxe6
Qe7 22. exf6 Ndxf6 23. f3 Nd7 24. Kf1 Ba6+ 25. Kg1 Nf8 26. Qf5 Bc8 27. Qxf8+
Qxf8 28. Nxf8 Kxf8 29. Re5 Nf6 30. g4 Kf7 31. h4 Bb7 32. Kg2 Nd7 33. Rf5+ Ke6
34. Kg3 Ba6 35. h5 Bd3 36. Rf4 Ke7 37. Kf2 Nf8 38. g5 hxg5 39. Rg4 Kf6 40. Ke3
Bf5 41. Rg3 Ne6 42. b4 Nf4 43. Rg1 Nxh5 44. Rh1 g6 45. Rc1 g4 46. fxg4 Bxg4 47.
Rc6+ Ke7 48. Rc7+ Kd6 49. Rxa7 Bf5 50. Ra6 Kc6 51. a4 Nf6 52. a5 Nd7 53. Nf3 Kb7
54. b5 bxa5 55. Rxa5 Kb6 56. Ra3 Kxb5 57. Rb3+ Kc6 58. Ne5+ Nxe5 59. dxe5 Kc5
60. Rc3+ Kb4 61. Kd4 Be6 62. Rc6 Bf7 63. e6 Be8 64. Rd6 g5 65. e7 g4 66. Rxd5 g3
67. Rg5 g2 68. Rxg2 Kb5 69. Rg8 Bd7 70. e8=Q Bxe8 71. Rxe8 Kc6 72. Rd8 Kb5 73.
Rc8 Kb6 74. Kd5 Kb7 75. Rc1 Kb6 76. Rc6+ Kb5 77. Rc7 Kb6 78. Rc1 Kb7 79. Rc6 Kb8
80. Kd6 Kb7 81. Kd7 Kb8 82. Rb6+ Ka8 83. Kc7 Ka7 84. Rb1 Ka6 85. Kc6 Ka5 86. Kc5
Ka4 87. Kc4 Ka5 88. Rb5+ Ka4 89. Rb4+ Ka5 90. Kc5 Ka6 91. Rb5 Ka7 92. Kc6 Ka6
93. Kc5 Ka7 94. Rb6 Ka8 95. Kb5 Ka7 96. Kc6 Ka8 97. Kd7 Ka7 98. Kc7 Ka8 99. Ra6#
{Black checkmated} 1-0

[Event "Team 45 45 League T55"]
[Site "Internet Chess Club"]
[Date "2012.11.15"]
[Round "1"]
[White "moodle"]
[Black "rookmaster23"]
[Result "1/2-1/2"]
[WhiteElo "1431"]
[BlackElo "1589"]
[Opening "Sicilian"]
[ECO "B50"]
[Time "20:01:07"]
[TimeControl "2700+45"]

1. e4 c5 2. Nf3 d6 3. Nc3 Nf6 4. Bb5+ Bd7 5. Bxd7+ Qxd7 6. O-O Nc6 7. d3 e6 8.
Be3 Be7 9. d4 cxd4 10. Nxd4 O-O 11. Qf3 Ne5 12. Qe2 Rac8 13. Rad1 Nc4 14. Bc1
Bd8 15. Nf3 Ba5 16. Rd3 Ng4 17. e5 d5 18. h3 Nh6 19. b3 Nb6 20. Bd2 Nf5 21. a3
Bxc3 22. Rxc3 Rxc3 23. Bxc3 Rc8 24. Bb4 d4 25. Rd1 Nd5 26. Nxd4 Nf4 27. Qe4 Nxd4
28. Kh1 Nfe2 29. Qxe2 Nxe2 30. Rxd7 h6 31. Rxb7 Rxc2 32. Rxa7 Rb2 33. a4 Rxb3
34. Bd6 Rb1+ 35. Kh2 Ra1 36. a5 Nd4 37. Ra8+ Kh7 38. a6 Nc6 39. Bc5 Kg6 40. a7
Ra2 41. f4 Kh7 42. Kg3 Kg6 43. Kg4 Rxg2+ 44. Kf3 Ra2 45. Ke3 Ra5 46. Bb6 Ra6 47.
Bc5 Ra5 48. Rg8 Nxa7 49. Bf8 Rb5 50. Rxg7+ Kh5 51. Rxf7 Rb3+ 52. Kd4 Nc6+ 53.
Ke4 Rb4+ 54. Bxb4 Nxb4 {Game drawn by mutual agreement} 1/2-1/2

[Event "Team 45 45 League T55"]
[Site "Internet Chess Club"]
[Date "2012.11.18"]
[Round "1"]
[White "sdcohle"]
[Black "tornado100"]
[Result "1-0"]
[WhiteElo "1455"]
[BlackElo "1378"]
[Opening "QGD Slav: 4.Nc3"]
[ECO "D15"]
[Time "17:30:58"]
[TimeControl "2700+45"]

1. d4 d5 2. c4 c6 3. Nf3 Nf6 4. Nc3 Bf5 5. Bg5 e6 6. e3 Nbd7 7. Bd3 Bg6 8. Qc2
dxc4 9. Bxg6 hxg6 10. O-O Nb6 11. Ne4 Be7 12. Ne5 Nxe4 13. Bxe7 Qxe7 14. Qxe4
Qc7 15. Nf3 Nd5 16. Qe5 Rc8 17. Qxg7 Ke7 18. Qe5 Rh5 19. Qxc7+ Rxc7 20. Rac1 b5
21. a3 a6 22. Rc2 Rc8 23. g3 Rch8 24. Kg2 g5 25. Rh1 f6 26. g4 R5h6 27. h3 Kd6
28. Kg3 Ne7 29. e4 Ng6 30. Rd2 Nf4 31. h4 gxh4+ 32. Kxf4 R6h7 33. Rh3 Rh6 34.
Rd1 R8h7 35. Rdh1 c5 36. dxc5+ Kxc5 37. Rxh4 Rxh4 38. Rxh4 Rg7 39. Ke3 Rg6 40.
Nd4 e5 41. Ne2 Kd6 42. f4 exf4+ 43. Nxf4 Rg7 44. Kf3 Ke5 45. Rh5+ Kd6 46. Nd5
Kc6 47. Nxf6 Rf7 48. g5 Kd6 49. Kf4 Ke6 50. e5 Rg7 51. Rh6 a5 52. Ne8+ Kf7 53.
Nxg7 Kxg7 54. Ra6 a4 55. Rb6 b4 56. Rxb4 Kf7 57. Rxc4 Ke6 58. Rxa4 Kf7 59. b4
Ke6 60. b5 Kf7 61. b6 Ke7 62. b7 Ke6 63. b8=Q Kd5 64. Qb5+ Ke6 65. Ra6+ Kf7 66.
Qb7+ Kg8 67. Ra8# {Black checkmated} 1-0

[Event "Team 45 45 League T55"]
[Site "Internet Chess Club"]
[Date "2012.11.18"]
[Round "1"]
[White "Goldenberg"]
[Black "smsxman"]
[Result "1-0"]
[WhiteElo "1535"]
[BlackElo "1468"]
[Opening "Bishop's opening: Berlin defense"]
[ECO "C24"]
[Time "14:01:26"]
[TimeControl "2700+45"]

1. e4 e5 2. Bc4 Nf6 3. d3 Be7 4. Nc3 O-O 5. f4 Nc6 6. Nf3 a6 7. O-O d6 8. a3 b5
9. Bb3 Bd7 10. f5 Nd4 11. Ba2 c6 12. Nxd4 exd4 13. Ne2 c5 14. c3 Qb6 15. cxd4
cxd4 16. Bg5 Rfe8 17. Rc1 Ng4 18. Bxe7 Ne3 19. Qb3 Nxf1 20. Qxf7+ Kh8 21. Kxf1
Ra7 22. Bf6 gxf6 23. Qxf6# {Black checkmated} 1-0

[Event "Team 45 45 League T55"]
[Site "Internet Chess Club"]
[Date "2012.11.20"]
[Round "1"]
[White "nanning"]
[Black "bmw2002"]
[Result "0-1"]
[WhiteElo "1670"]
[BlackElo "1646"]
[Opening "Neo-Grünfeld, 5.Nf3"]
[ECO "D74"]
[Time "06:21:07"]
[TimeControl "2700+45"]

1. d4 Nf6 2. c4 g6 3. g3 Bg7 4. Nf3 d5 5. Bg2 O-O 6. cxd5 Nxd5 7. Nc3 Bf5 8.
Nxd5 Qxd5 9. O-O Be4 10. Bf4 Na6 11. Qd2 Rac8 12. Bh6 Rfd8 13. Bxg7 Kxg7 14. e3
Bxf3 {White resigns} 0-1

[Event "Team 45 45 League T55"]
[Site "Internet Chess Club"]
[Date "2012.11.18"]
[Round "1"]
[White "Mitochondria"]
[Black "tryanything"]
[Result "1-0"]
[WhiteElo "1446"]
[BlackElo "1564"]
[Opening "Benkö gambit"]
[ECO "A57"]
[Time "19:00:28"]
[TimeControl "2700+45"]

1. d4 Nf6 2. c4 c5 3. d5 b5 4. b3 bxc4 5. bxc4 g6 6. Nf3 Bg7 7. a3 d6 8. Bb2 O-O
9. e3 Nbd7 10. Bd3 Nb6 11. O-O Ba6 12. Qc2 Nfd7 13. Bxg7 Kxg7 14. Nbd2 e6 15.
Qc3+ e5 16. Ne4 Qc7 17. Rfb1 h6 18. Be2 Nxd5 19. Qd2 N5b6 20. Qxd6 Qxd6 21. Nxd6
f5 22. Rc1 e4 23. Nd2 Rf6 24. Nb5 Bxb5 25. cxb5 Rd6 26. Nb3 Rc8 27. h4 c4 28.
Nd4 Ne5 29. Nc6 Rc7 30. Nxe5 {Black resigns} 1-0

[Event "Team 45 45 League T55"]
[Site "Internet Chess Club"]
[Date "2012.11.16"]
[Round "1"]
[White "JohLeb"]
[Black "Zyme"]
[Result "0-1"]
[WhiteElo "1393"]
[BlackElo "1321"]
[Opening "King's Indian: 4.e4"]
[ECO "E70"]
[Time "18:00:43"]
[TimeControl "2700+45"]

1. d4 Nf6 2. c4 g6 3. Nc3 Bg7 4. e4 d6 5. Bd3 e5 6. d5 Na6 7. Nge2 O-O 8. O-O
Nh5 9. Be3 f5 10. exf5 gxf5 11. f4 Nc5 12. Bc2 Kh8 13. Bxc5 dxc5 14. Qd2 e4 15.
Rad1 Rg8 16. Qe3 b6 17. Kh1 Bh6 18. Qh3 Qe8 19. Nb5 Qg6 20. Nxc7 Rb8 21. d6 Bd7
22. Rf2 Nf6 23. Rg1 Ng4 24. Rff1 Qxd6 25. Nd5 Rg6 26. Rd1 Nf2# {White
checkmated} 0-1

[Event "Team 45 45 League T55"]
[Site "Internet Chess Club"]
[Date "2012.11.18"]
[Round "1"]
[White "chuckh2"]
[Black "theartist"]
[Result "1-0"]
[WhiteElo "1338"]
[BlackElo "1133"]
[Opening "Queen's pawn: London system"]
[ECO "A45"]
[Time "13:02:38"]
[TimeControl "2700+45"]

1. d4 Nf6 2. Bf4 e6 3. Nf3 d5 4. e3 c5 5. c3 Nc6 6. Nbd2 Be7 7. Bd3 O-O 8. O-O
Re8 9. Ne5 Qb6 10. Rb1 Rd8 11. h3 cxd4 12. exd4 Nxd4 13. Be3 Bc5 14. b4 Ne2+ 15.
Qxe2 Bxe3 16. fxe3 Qd6 17. Ndf3 h6 18. Qc2 Nd7 19. Bh7+ Kf8 20. Nxf7 Kxf7 21.
Qg6+ Kf8 22. Ne5+ Ke7 23. Qf7# {Black checkmated} 1-0

[Event "Team 45 45 League T55"]
[Site "Internet Chess Club"]
[Date "2012.11.18"]
[Round "1"]
[White "drsigmund1"]
[Black "Kravier"]
[Result "1/2-1/2"]
[WhiteElo "1580"]
[BlackElo "1627"]
[Opening "Queen's bishop game"]
[ECO "A45"]
[Time "14:05:05"]
[TimeControl "2700+45"]

1. d4 Nf6 2. Bf4 d5 3. Nf3 Bf5 4. e3 e6 5. Bd3 Bg6 6. h3 Bd6 7. Ne5 Nh5 8. Bh2
Nd7 9. f4 Qh4+ 10. Kf1 Bxe5 11. dxe5 Ng3+ 12. Bxg3 Qxg3 13. Qf3 Bxd3+ 14. cxd3
Qg6 15. Ke2 f5 16. Nc3 a6 17. g4 O-O-O 18. Rac1 h5 19. g5 c6 20. b4 h4 21. b5
Qh5 22. Qxh5 Rxh5 23. bxa6 bxa6 24. Na4 Kb7 25. Rb1+ Ka7 26. Rhc1 Rc8 27. Rb3
Rhh8 28. Rbc3 Kb7 29. Rb1+ Ka7 {Game drawn by mutual agreement} 1/2-1/2